AoeStats
← 凉拌皮蛋

Nomad

506824806Analyzed
4v4 RM · 17d ago on Sep 15, 2026· 52m 43s· 8 players
Game mode
Random Map
Map size
231×231
Population
200
Speed
Normal
Resources
Standard
Victory
Conquest
Starting age
Dark Age
Ending age
Imperial Age
RankedLock teamsTeams togetherTeam positionsShared explorationLock speedFull tech treeHidden civsTurbo modeCheats
Victory
Defeat
🇨🇱 Tatars · Chile
1682
+10
🇪🇸 Georgians · Spain
1619
+12
🇪🇸 Aztecs · Spain
1575
+14
🇪🇸 Sicilians · Spain
1566
+14
🇭🇰 Bengalis · Hong Kong SAR China
1598
-15
🇭🇰 Portuguese · Hong Kong SAR China
1532
-12
🇯🇵 Gurjaras · Japan
1528
-12
🇨🇳 Dravidians · China
1488
-11
kome
5:15 Loom
12:29 Feudal Age
13:37 Horse Collar
20:08 Castle Age
18:24 Double-Bit Axe
19:20 Forging
20:07 Scale Barding Armor
28:48 Husbandry
31:29 Bloodlines
32:55 Wheelbarrow
40:07 Chain Barding Armor
46:12 Imperial Age
46:24 Imperial Age
45:09 Hand Cart
mc 88
4:44 Loom
13:17 Feudal Age
17:04 Castle Age
15:29 Double-Bit Axe
16:24 Gold Mining
16:39 Stone Mining
18:08 Medium Warships
19:50 Bow Saw
23:38 Horse Collar
23:48 Town Watch
33:13 Imperial Age
31:21 Fletching
33:16 Ballistics
34:53 Chemistry
34:28 Conscription
34:46 Wheelbarrow
39:36 Elite Organ Gun
41:14 Bodkin Arrow
43:08 Bracer
43:08 Padded Archer Armor
44:41 Pikeman
45:07 Gambesons
45:08 Arson
凉拌皮蛋
8:05 Loom
15:07 Feudal Age
16:02 Double-Bit Axe
19:06 Castle Age
16:49 Fishing Lines
16:56 Double-Bit Axe
18:39 Forging
18:46 Gold Mining
20:04 Medium Warships
20:10 Bow Saw
19:55 Gillnets
21:46 Stone Mining
26:06 Wheelbarrow
25:14 Horse Collar
26:06 Heavy Plow
29:32 Town Watch
30:32 Hand Cart
36:26 Imperial Age
34:26 Thumb Ring
35:23 Fletching
35:34 Padded Archer Armor
35:54 Bodkin Arrow
37:17 Bracer
37:40 Husbandry
39:35 Chemistry
39:57 Leather Archer Armor
41:15 Ballistics
42:08 Hoardings
41:54 Conscription
41:54 Light Cavalry
42:54 Scale Barding Armor
pigpig_aoe
5:43 Loom
11:58 Feudal Age
14:16 Gold Mining
19:14 Castle Age
18:25 Double-Bit Axe
21:01 Medium Warships
21:23 Bow Saw
21:24 Horse Collar
27:49 Fletching
28:43 Town Watch
29:43 Bodkin Arrow
30:38 Padded Archer Armor
31:13 Wheelbarrow
31:46 Ballistics
31:33 Stone Mining
32:57 Bloodlines
34:02 Hand Cart
34:32 Paiks
34:29 Husbandry
37:53 Imperial Age
36:00 Heavy Plow
37:57 Elite Ratha (Ranged)
38:38 Bracer
39:39 Chemistry
39:43 Two-Man Saw
39:18 Crop Rotation
39:25 Leather Archer Armor
39:21 Forging
39:45 Mahayana
39:46 Conscription
41:04 Coinage
40:55 Guilds
40:55 Devotion
42:08 Banking
42:04 Guard Tower
41:59 Arrowslits
42:25 Masonry
41:55 Treadmill Crane
42:21 Siege Engineers
43:43 Ring Archer Armor
43:18 Scale Barding Armor
43:49 Iron Casting
44:45 Architecture
44:51 Keep
46:16 Murder Holes
47:23 Blast Furnace
49:20 Gold Shaft Mining
DK_Nightclaim
5:13 Loom
12:28 Feudal Age
13:09 Double-Bit Axe
22:51 Castle Age
21:58 Horse Collar
23:46 Bow Saw
27:56 Wheelbarrow
31:20 Scale Barding Armor
31:25 Forging
31:23 Gold Mining
34:09 Imperial Age
32:11 Fletching
32:14 Crossbowman
32:52 Bodkin Arrow
33:37 Ballistics
34:10 Padded Archer Armor
34:52 Bracer
36:01 Chemistry
34:54 Elite Skirmisher
36:04 Leather Archer Armor
36:23 Arbalester
39:02 Conscription
43:01 Chain Barding Armor
42:51 Forging
47:58 Hand Cart
47:29 Town Watch
48:45 Gold Shaft Mining
49:02 Iron Casting
49:04 Masonry
51:57 Husbandry
52:07 Bloodlines
51:19 Cavalier
DS_Maulet
5:07 Loom
13:06 Feudal Age
17:07 Castle Age
15:22 Double-Bit Axe
16:19 Scale Barding Armor
17:12 Gold Mining
18:41 Bow Saw
18:43 Horse Collar
25:02 Wheelbarrow
26:49 Heavy Plow
27:45 Sanctity
28:45 Hand Cart
29:11 Stone Mining
29:08 Town Watch
33:47 Imperial Age
32:31 Chain Barding Armor
32:52 Forging
33:37 Bloodlines
33:47 Husbandry
35:09 Plate Barding Armor
36:31 Iron Casting
37:18 Elite Monaspa
39:40 Blast Furnace
40:40 Conscription
47:45 Devotion
53:10 Siege Engineers
DK_Exmerior
3:58 Loom
15:06 Feudal Age
17:32 Double-Bit Axe
17:45 Fletching
21:18 Horse Collar
26:29 Castle Age
24:47 Gold Mining
25:53 Scale Mail Armor
26:20 Forging
27:43 Wheelbarrow
27:24 Bow Saw
28:27 Chain Mail Armor
29:28 Squires
28:58 Eagle Warrior
31:48 Heavy Plow
33:30 Iron Casting
36:07 Gold Shaft Mining
40:04 Imperial Age
37:50 Hand Cart
40:36 Stone Mining
41:19 Plate Mail Armor
41:18 Conscription
40:32 Elite Eagle Warrior
42:03 Stone Shaft Mining
46:34 Blast Furnace
48:27 Town Watch
49:40 Crop Rotation
49:41 Arson
52:02 Garland Wars
DK_Partyman96
4:31 Loom
13:56 Feudal Age
14:47 Double-Bit Axe
22:36 Castle Age
22:39 Gold Mining
23:33 Bow Saw
23:05 Fishing Lines
23:36 Medium Warships
23:47 Medium Warships
27:24 Wheelbarrow
26:34 Town Watch
28:21 Gold Shaft Mining
27:57 Fletching
28:52 Bodkin Arrow
31:06 Padded Archer Armor
31:46 Ballistics
31:56 Husbandry
33:10 Bloodlines
45:18 Horse Collar
49:08 Imperial Age
46:15 Light Cavalry
47:26 Scale Barding Armor
47:10 Fishing Lines
47:53 Forging
48:42 Chain Barding Armor
48:32 Forging
48:47 Silk Armor
50:01 Bracer
50:16 Leather Archer Armor
50:26 Conscription
50:30 Timurid Siegecraft
50:55 Elite Keshik
53:00 Chemistry
52:11 Masonry
52:01 Murder Holes
52:16 Fortified Wall
52:04 Murder Holes
52:44 Sappers
Connection lost

Rejoining the realm…

Still unreachable

The connection could not be restored.

Session expired

The server has moved on; the page needs a fresh start.